 Dungeon Crawl Stone Soup version 0.30.0-29-ga12c61a403 (webtiles) character file.

Game seed: 10601122447285370668

3538 Gabide the Destroyer (level 10, -12/60 HPs)
             Began as a Gargoyle Conjurer on June 3, 2023.
             Was a Believer of Vehumet.
             Engulfed by a cloud of flame (18 damage)
             ... on level 7 of the Dungeon.
             The game lasted 00:14:34 (9178 turns).

Gabide the Destroyer (Gargoyle Conjurer)            Turns: 9178, Time: 00:14:36

Health: -12/60     AC: 17    Str: 12    XL:     10   Next: 8%
Magic:  12/18      EV: 11    Int: 22    God:    Vehumet [**....]
Gold:   315        SH:  4    Dex:  8    Spells: 14/20 levels left

rFire   . . .        a - +3 dagger (venom)
rCold   . . .        o - +0 buckler
rNeg    + . .        e - +0 ring mail
rPois   ∞            l - +0 helmet
rElec   +            r - +0 cloak
rCorr   .            (no gloves)
SInv    .            A - +0 pair of boots
Will    .....        z - amulet of magic regeneration
Stlth   +            y - ring of flight
HPRegen 0.30/turn    (no ring)
MPRegen 0.56/turn

%: no passive effects
@: flying
A: sickness immunity, AC +7, negative energy resistance 1, electricity
resistance, torment resistance 1, petrification resistance
a: Renounce Religion


You were on level 7 of the Dungeon.
You worshipped Vehumet.
Vehumet was pleased with you.
You visited 2 branches of the dungeon, and saw 8 of its levels.

You collected 397 gold pieces.
You spent 82 gold pieces at shops.

Inventory:

Hand Weapons
 a - a +3 dagger of venom (weapon)
 b - a +1 sling of electrocution
Missiles
 d - 4 javelins
Armour
 e - a +0 ring mail (worn)
 l - a +0 helmet (worn)
 o - a +0 buckler (worn)
 r - a +0 cloak (worn)
 A - a +0 pair of boots (worn)
Jewellery
 c - a ring of ice
 y - a ring of flight (left hand)
 z - an amulet of magic regeneration (around neck)
Wands
 x - a wand of polymorph (8)
Scrolls
 f - 4 scrolls of fear
 h - a scroll of teleportation
 m - a scroll of immolation
 s - 3 scrolls of identify
 u - a scroll of fog
 B - a scroll of summoning {unknown}
Potions
 g - 2 potions of mutation
 i - 4 potions of curing
 j - a potion of magic
 k - a potion of haste
 n - 4 potions of lignification
 p - 2 potions of flight
 v - 2 potions of ambrosia
 w - a potion of degeneration {unknown}


   Skills:
 - Level 6.0 Fighting
 - Level 6.0 Armour
 + Level 5.2 Dodging
 - Level 2.1 Stealth
 - Level 4.0 Shields
 + Level 5.6 Spellcasting
 - Level 9.0 Conjurations


You had 14 spell levels left.
You knew the following spells:

 Your Spells              Type           Power      Damage    Failure   Level
a - Magic Dart            Conj           100%       1d8       1%          1
b - Searing Ray           Conj           90%        2d7       1%          2
c - Sandblast             Erth           12%        2d6       26%         1
d - Momentum Strike       Conj/Tloc      52%        3d9       6%          2

Your spell library contained the following spells:

 Spells                   Type           Power      Damage    Failure   Level
 Shock                    Conj/Air       100%       1d9       4%          1
 Dazzling Flash           Conj/Hex       52%        N/A       13%         3
 Ensorcelled Hibernation  Hex/Ice        12%        N/A       38%         2
 Fulminant Prism          Conj/Hex       13%        3d9       38%         4
 Iskenderun's Mystic Bla  Conj/Tloc      26%        2d7       38%         4
 Spider Form              Tmut/Pois      6%         N/A       63%         3
 Swiftness                Air            6%         N/A       63%         3
 Airstrike                Air            3%         2d(1-17)  95%         4
 Anguish                  Hex/Necr       3%         N/A       95%         4


Dungeon Overview and Level Annotations

Branches:
Dungeon (7/15)             Temple (1/1) D:5

Altars:
Ashenzari
Cheibriados
Dithmenos
Fedhas
Gozag
Hepliaklqana
Kikubaaqudgha
Makhleb
Nemelex Xobeh
Okawaru
Qazlal
Ru
Sif Muna
Trog
Uskayaw
Vehumet
Wu Jian
Xom
Yredelemnul
Zin
The Shining One

Shops:
D:3 (   D:5 (:?:   D:6 (


Innate Abilities, Weirdness & Mutations

You are immune to sickness and miasma.
Your stone body is resilient. (AC +7)
You are immune to poison.
You resist negative energy. (rN+)
You are resistant to electric shocks. (rElec)
You are resistant to unholy torment.
You are immune to petrification.


Message History

There is an open door here.
There is an open door here.
There is a stone staircase leading down here.
You fly downwards.
There is a stone staircase leading up here.
There is a stone staircase leading down here.
Casting: Searing Ray (safe; 1% risk of failure)
Confirm with . or Enter, or press ? or * to list all spells.
Okay, then.
Unknown command.
Unknown command.
Okay, then.
Press: ? - help, v - describe, . - travel
Here: a gargoyle, wielding a +0 mace The floor.
Unknown command.
Really read the scroll of immolation?
As you read the scroll of immolation, it crumbles to dust.
The creatures around you are filled with an inner flame!
The searing ray hits the gargoyle but does no damage. (Press . to maintain the ray.)
The searing ray misses the gargoyle.
The searing ray hits the gargoyle.
Flame seeps out of the gargoyle.
The gargoyle is moderately damaged.
The searing ray hits the gargoyle!
Flame seeps out of the gargoyle.
The gargoyle is heavily damaged.
You finish channelling your searing ray.
The gargoyle hits you with a +0 mace!
The searing ray hits the gargoyle.
Flame seeps out of the gargoyle.
The gargoyle is severely damaged. (Press . to maintain the ray.)
The gargoyle is engulfed in blazing flames.
Flame seeps out of the gargoyle.
The gargoyle hits you with a +0 mace!
The searing ray hits the gargoyle.
Vehumet accepts your kill.
The gargoyle explodes!
The fiery explosion engulfs you!!
* * * LOW HITPOINT WARNING * * *
You are engulfed in blazing flames.
You die...

.#..##.#..##.#..#.# #.#8#.......#
##..#.##..#.##..#.###...........+
#######...#.##..#<##........8....
#####.##.##.##......9.....+
###########.##.##.....#8#.......#
.#..........##.######.###'.....'#
.[..<..)....##.# #..#8##).'##9
.#.##)###...##.#######.###(###8##
##.##...........@°§.##...#######.
#......##...#####§#..............
....#.####)## #.#>########..###
....#.# #.# #.#.# #.......###
....#.# #.# #.#.# #.####.##..
....#.####.# #.#.# #.# #.##.#
...........# #.#.# #.# #.##.#
..)...###### #.#.###.####.....
......# #.#..........##.#


There were no monsters in sight!

Vanquished Creatures
  Pikel (D:7)
  2 gargoyles (D:7)
  Grinder (D:3)
  A wraith (D:7)
  A wyvern (D:7)
  An ice beast (D:7)
  2 orc warriors
  A black bear (D:6)
  The ghost of samai the Changer, an amateur MfTm (D:3)
  A centaur (D:7)
  2 kobold brigands
  2 bullfrogs
  A gnoll sergeant (D:6)
  2 scorpions
  6 wights (D:7)
  Dowan (D:7)
  Crazy Yiuf (D:4)
  4 hounds
  2 jellies (D:7)
  An orc priest (D:6)
  3 sleepcaps
  2 gnoll boudas (D:6)
  Terence (D:2)
  3 iguanas
  9 orc wizards
  4 adders
  11 gnolls (D:6)
  A shadow imp (D:5)
  5 white imps
  A worm (D:5)
  6 dart slugs
  17 orcs
  6 bats
  8 endoplasms
  4 giant cockroaches
  13 goblins
  9 hobgoblins
  2 jackals (D:1)
  4 quokkas
  5 ball pythons
  13 frilled lizards
  16 kobolds
  2 rats (D:2)
179 creatures vanquished.

Notes
Turn   | Place    | Note
-------+----------+-------------------------------------------
     0 | D:1      | Gabide the Gargoyle Conjurer began the quest for the Orb.
     0 | D:1      | Reached XP level 1. HP: 10/10 MP: 3/3
    90 | D:1      | Reached XP level 2. HP: 16/16 MP: 0/5
   576 | D:1      | Reached skill level 1 in Fighting
   740 | D:1      | Reached XP level 3. HP: 20/20 MP: 0/6
  1068 | D:1      | You fall into a shaft and drop 1 floor!
  1166 | D:2      | Reached skill level 5 in Conjurations
  1561 | D:2      | Reached XP level 4. HP: 25/25 MP: 5/7
  2247 | D:3      | Found a runed translucent gate.
  2247 | D:3      | Found a runed translucent gate.
  2247 | D:3      | Found a runed translucent gate.
  2315 | D:3      | Found Failivui's Weapon Emporium.
  2437 | D:3      | Noticed Terence
  2441 | D:3      | Noticed Grinder
  2470 | D:2      | Killed Terence
  2471 | D:2      | Reached XP level 5. HP: 22/30 MP: 1/9
  2507 | D:3      | Killed Grinder
  2508 | D:3      | Reached skill level 6 in Conjurations
  2508 | D:3      | Reached XP level 6. HP: 20/36 MP: 4/10
  2715 | D:3      | Noticed samai's ghost (amateur MfTm)
  2828 | D:3      | Learned a level 2 spell: Searing Ray
  2836 | D:3      | Killed samai's ghost
  3240 | D:4      | Reached XP level 7. HP: 41/41 MP: 7/12
  3523 | D:4      | Reached skill level 1 in Shields
  4088 | D:4      | Found a runed translucent door.
  4089 | D:4      | Noticed Crazy Yiuf
  4096 | D:4      | Killed Crazy Yiuf
  4421 | D:5      | Entered Level 5 of the Dungeon
  4457 | D:5      | Found a staircase to the Ecumenical Temple.
  4511 | Temple   | Entered the Ecumenical Temple
  4542 | Temple   | Became a worshipper of Vehumet
  4923 | D:5      | Reached skill level 1 in Armour
  5076 | D:5      | Reached XP level 8. HP: 23/46 MP: 5/13
  5325 | D:5      | Found Noeluacs's Magic Scroll Emporium.
  5338 | D:5      | Bought a scroll of blinking for 82 gold pieces
  5484 | D:5      | Found Oleuq's Weapon Boutique.
  5493 | D:5      | Found Lazuefext's Book Boutique.
  5689 | D:5      | Reached skill level 5 in Armour
  6118 | D:5      | Found Yfaev's Book Boutique.
  6601 | D:6      | Found Enginit's Antique Weapon Shop.
  6896 | D:6      | Reached * piety under Vehumet
  6896 | D:6      | Offered knowledge of Sandblast by Vehumet.
  6898 | D:6      | Reached skill level 7 in Conjurations
  6900 | D:6      | Learned a level 1 spell: Sandblast
  7747 | D:7      | Reached XP level 9. HP: 52/52 MP: 11/15
  7856 | D:7      | Reached skill level 8 in Conjurations
  8382 | D:7      | Noticed Pikel
  8391 | D:7      | Killed Pikel
  8392 | D:7      | Reached skill level 5 in Fighting
  8392 | D:7      | Reached skill level 9 in Conjurations
  8393 | D:7      | Reached ** piety under Vehumet
  8393 | D:7      | Offered knowledge of Momentum Strike by Vehumet.
  8398 | D:7      | Reached skill level 5 in Spellcasting
  8401 | D:7      | Learned a level 2 spell: Momentum Strike
  8645 | D:7      | Noticed Dowan
  8647 | D:7      | Noticed Duvessa
  8653 | D:7      | Duvessa changed into Duvessa the bullfrog
  8653 | D:7      | Noticed Duvessa
  8656 | D:7      | Killed Duvessa the bullfrog
  8658 | D:7      | Killed Dowan
  8659 | D:7      | Reached XP level 10. HP: 57/60 MP: 10/18
  8795 | D:7      | Noticed a gargoyle
  8807 | D:7      | Killed a gargoyle
  8808 | D:7      | Reached skill level 5 in Dodging
  8914 | D:7      | Noticed a gargoyle
  9178 | D:7      | Killed a gargoyle
  9178 | D:7      | Engulfed by a cloud of flame

Illustrated notes

Levels and vault maps discovered:
D:1:      minmay_arrival_stone_box, layout_loops_cross
D:2:      layout_rooms, minmay_lizard_king
D:3:      layout_rooms, serial_shops, nicolae_square_shop,
          ebering_ghost_rock_garden, uniq_grinder, uniq_terence
D:4:      layout_basic, dk_noncrumbling_3, uniq_crazy_yiuf_cottage
D:5:      layout_basic, minmay_temple_entry_purple_smoke, serial_shops,
          nicolae_lakefront_shop, nicolae_shop_window_shopping,
          nicolae_shop_behind_doors, shop, dk_noncrumbling_4
D:6:      layout_loops_corners, serial_shops, shop
D:7:      cheibrodos_statue_roulette, layout_loops_ring, nicolae_eternal_life,
          kennysheep_pointless_box, kennysheep_nub, uniq_duvessa, uniq_pikel
Temple:   nicolae_temple_the_god_donut

Skill      XL: |  1  2  3  4  5  6  7  8  9 10 |
---------------+-------------------------------+-----
Fighting       | 1 2 3 5 6 |  6.0
Dodging        | 2 3 4 5 |  5.2
Conjurations   | 5 6 7 9 |  9.0
Spellcasting   | 3 4 5 |  5.6
Shields        | 4 |  4.0
Armour         | 3 6 |  6.0
Stealth        | |  2.1

Action                     |  1- 3 |  4- 6 |  7- 9 | 10-12 || total
---------------------------+-------+-------+-------+-------++-------
  Melee: Unarmed           |     7 |       |       |       ||     7
         Dagger            |    12 |    17 |    23 |       ||    52
   Fire: Sling             |       |       |     2 |       ||     2
  Throw: Dart              |       |       |     1 |       ||     1
   Cast: Magic Dart        |    80 |    47 |       |       ||   127
         Searing Ray       |       |     9 |    95 |     5 ||   109
  Evoke: Wand              |       |       |     2 |       ||     2
    Use: Scroll            |       |     7 |     5 |     3 ||    15
         Potion            |       |     2 |     2 |       ||     4
 Armour: Ring mail         |    13 |    11 |    49 |       ||    73
  Dodge: Dodged            |    10 |     9 |    78 |     5 ||   102
  Block: Buckler           |       |       |    23 |     2 ||    25
